 Dungeon Crawl Stone Soup version 0.32-a0-673-g3729bd50f8 (webtiles) character file.

Game seed: 5205848295133007707

6594 dolemite99 the Nimble (level 10, -4/80 HPs)
             Began as a Grey Draconian Alchemist on Mar 10, 2024.
             Was a Priest of Makhleb.
             Slain by Snorg (24 damage)
             ... on level 10 of the Dungeon.
             The game lasted 00:19:51 (18013 turns).

dolemite99 the Nimble (Grey Draconian Alchemist)   Turns: 18013, Time: 00:19:52

Health: -4/80      AC: 14    Str: 10    XL:     10   Next: 71%
Magic:  6/14       EV: 15    Int: 20    God:    Makhleb [***...]
Gold:   356        SH:  0    Dex: 12    Spells: 1/13 levels left

rFire   . . .        a - +3 trident (drain)
rCold   . . .        (no shield)
rNeg    . . .        (body armour unavailable)
rPois   .            (helmet restricted)
rElec   .            s - +0 cloak
rCorr   .            (no gloves)
SInv    .            w - +0 pair of boots
Will    +....        (no amulet)
Stlth   ++           m - ring of willpower
HPRegen 0.33/turn    z - ring of wizardry
MPRegen 0.14/turn

%: wizardry (x1)
@: no status effects
A: mud breath, mud-swimmer, AC +12, amphibious, unfitting armour, cold-blooded
a: Mud Breath, Renounce Religion, Minor Destruction, Lesser Servant of Makhleb


You were on level 10 of the Dungeon.
You worshipped Makhleb.
Makhleb was most pleased with you.
You visited 1 branch of the dungeon, and saw 10 of its levels.

You collected 356 gold pieces.

Inventory:

Hand Weapons
 a - a +3 trident of draining (weapon)
 d - a +0 dagger
 n - a +0 heavy scimitar
 u - a +0 long sword
 y - a +0 trident
 A - a +4 dire flail of protection
 E - a +0 orcbow
 J - a +3 hand axe of freezing
 N - a +2 long sword
 O - a +0 short sword
Missiles
 f - 2 curare-tipped darts
 o - 3 silver javelins
 x - 13 poisoned darts (quivered)
 C - 6 boomerangs
 G - 5 datura-tipped darts
Armour
 s - a +0 cloak (worn)
 w - a +0 pair of boots (worn)
 B - a +0 ring mail
Magical Staves
 b - a staff of cold
Jewellery
 j - a ring of positive energy
 m - a ring of willpower (left hand)
 z - a ring of wizardry (right hand)
 K - a +6 ring of strength
 P - a ring of wizardry
Wands
 r - a wand of mindburst (2)
 t - a wand of flame (18)
 D - a wand of warping (14)
 F - a wand of polymorph (11)
Scrolls
 e - 3 scrolls of teleportation
 k - 3 scrolls of vulnerability
 I - a scroll of noise
 L - a scroll of poison
 M - a scroll of identify {@r1}
Potions
 g - a potion of brilliance {unknown}
 h - 2 potions of might {unknown}
 i - a potion of curing
 l - a potion of enlightenment {unknown}
 p - a potion of resistance {unknown}
 q - 2 potions of haste {unknown}
 v - a potion of cancellation {unknown}
 H - a potion of attraction {unknown}


   Skills:
 - Level 4.4 Fighting
 + Level 9.6 Dodging
 - Level 1.7 Stealth
 - Level 2.0 Spellcasting
 - Level 3.9 Conjurations
 - Level 6.9 Fire Magic
 - Level 2.5 Air Magic
 - Level 6.9 Alchemy
 - Level 5.7 Invocations


You had one spell level left.
You knew the following spells:

 Your Spells              Type           Power      Damage    Failure   Level
a - Olgreb's Toxic Radia  Alch           29%        N/A       3%          4
b - Mercury Vapours       Alch/Air       42%        N/A       1%          2
c - Sticky Flame          Fire/Alch      29%        2d7       3%          4
d - Blink                 Tloc           4%         N/A       10%         2

Your spell library contained the following spells:

 Spells                   Type           Power      Damage    Failure   Level
 Sting                    Conj/Alch      92%        1d8       1%          1
 Summon Small Mammal      Summ           8%         N/A       6%          1
 Mephitic Cloud           Conj/Alch/Air  19%        N/A       3%          3
 Momentum Strike          Conj/Tloc      18%        3d8       4%          2
 Lesser Beckoning         Tloc           4%         N/A       10%         2
 Summon Blazeheart Golem  Fire/Summ      15%        N/A       16%         4
 Call Canine Familiar     Summ           2%         N/A       19%         3


Dungeon Overview and Level Annotations

Branches:
Dungeon (10/15)            Temple (0/1) D:7            Lair (0/5) D:9
    Orc: D:9-12

Altars:
Ashenzari
Elyvilon
Makhleb
Nemelex Xobeh
Okawaru
Qazlal
Ru
Xom
Zin

Annotations:
D:3 1 runed translucent door, Fractals's ghost, amateur MDMo
D:9 1 runed translucent door, jboons's ghost, journeyman VSFi
D:10 Snorg


Innate Abilities, Weirdness & Mutations

You can breathe torrents of mud.
You are unimpeded by mud.
Your dull iron-grey scales are very hard. (AC +12)
You are amphibious.
You cannot fit into any form of body armour.
You are cold-blooded and may be slowed by cold attacks.


Message History

Snorg is lightly wounded.
Snorg bites you! Snorg barely misses you. Snorg claws you. Snorg bites you!
Snorg closely misses you. x2
Snorg bites you!! Snorg claws you but does no damage. x2
Casting: Olgreb's Toxic Radiance (dangerous; 3% risk of failure)
Confirm with . or Enter, or press ? or * to list all spells.
Aiming: Sticky Flame (dangerous; 3% risk of failure)
Press: ? - help, Shift-Dir - straight line, f/p - Snorg
Aim: Snorg (lightly wounded, berserk, poisoned)
The sticky flame hits Snorg!
Snorg is lightly wounded.
Snorg looks more healthy.
Snorg burns!
Snorg bites you!!
* * * LOW HITPOINT WARNING * * *
Snorg completely misses you. Snorg closely misses you.
Okay, then.
You feel much better.
Snorg burns!
Snorg bites you. Snorg claws you but does no damage. Snorg claws you.
Snorg bites you but does no damage. Snorg claws you!
* * * LOW HITPOINT WARNING * * *
Snorg claws you but does no damage.
You feel much better.
Snorg burns!
Snorg closely misses you. Snorg misses you. x2
You feel much better.
Snorg burns!
Snorg stops burning.
Snorg bites you but does no damage. Snorg claws you but does no damage.
Snorg misses you. Snorg bites you! Snorg claws you! Snorg barely misses you.
Casting: Sticky Flame (dangerous; 3% risk of failure)
Confirm with . or Enter, or press ? or * to list all spells.
Aiming: Sticky Flame (dangerous; 3% risk of failure)
Press: ? - help, Shift-Dir - straight line, f/p - Snorg
Aim: Snorg (moderately wounded, berserk)
The sticky flame hits Snorg!
Snorg is moderately wounded.
Snorg burns!
Snorg bites you but does no damage. Snorg claws you!
* * * LOW HITPOINT WARNING * * *
Snorg claws you but does no damage.
You feel much better.
Snorg burns!
Snorg bites you!
* * * LOW HITPOINT WARNING * * *
Snorg claws you.
* * * LOW HITPOINT WARNING * * *
Snorg barely misses you. Snorg bites you!!
You die...

# ## ...#### . .. #.#...#
##### # #.. #.#.#.#####
..... #.##
#..##.#'#.....+
......#... .........@#
......#### #.....)..T#
#+#......#
###.......##### #.#
###..) ........###...#
#.# #...##
###...........#
#.#.##..## #...........#
#.#....... #.(.........#
#.########
#...........###.......##
.(...~.......'...........


You could see Snorg (berserk, burning).

Vanquished Creatures
  2 two-headed ogres
  Maggie (D:6)
  Jeremiah (D:7)
  A troll (D:9)
  2 wyverns
  2 yaks (D:10)
  Menkaure (D:7)
  A steam dragon (D:9)
  Edmund (D:6)
  An acid dragon (D:9)
  Duvessa (D:7)
  A sky beast (D:7)
  3 ice beasts
  3 orc warriors
  3 black bears
  4 centaurs
  3 kobold brigands
  2 bullfrogs (D:7)
  2 scorpions
  7 wights (D:9)
  Dowan (D:7)
  6 killer bees (D:9)
  2 howler monkeys
  2 bombardier beetles
  9 crimson imps (D:6)
  2 hounds
  4 orc priests
  A jelly (D:6)
  4 sleepcaps
  3 iguanas (D:5)
  2 orc wizards
  Natasha (thrice) (D:3)
  8 adders
  A shadow imp (D:4)
  3 white imps
  2 ufetubi (D:7)
  4 dart slugs
  24 orcs
  4 bats
  5 endoplasms
  5 giant cockroaches
  5 goblins
  6 hobgoblins
  4 jackals (D:1)
  5 quokkas
  7 ball pythons
  A frilled lizard (D:3)
  19 kobolds
  8 rats
192 creatures vanquished.

Notes
Turn   | Place    | Note
-------+----------+-------------------------------------------
     0 | D:1      | dolemite99 the Draconian Alchemist began the quest for the
                  | Orb.
     0 | D:1      | Reached XP level 1. HP: 14/14 MP: 3/3
   848 | D:1      | Reached XP level 2. HP: 20/20 MP: 3/5
  1824 | D:1      | Reached XP level 3. HP: 24/26 MP: 3/6
  1955 | D:1      | Learned a level 2 spell: Mercury Vapours
  2048 | D:1      | Found a faded altar of an unknown god.
  2075 | D:1      | Prayed at the altar of an unknown god.
  2075 | D:1      | Became a worshipper of Makhleb the Destroyer
  2075 | D:1      | Reached * piety under Makhleb
  3392 | D:3      | Noticed Natasha
  3395 | D:3      | Killed Natasha
  3396 | D:3      | Reached XP level 4. HP: 33/33 MP: 3/7
  4130 | D:3      | Noticed Natasha
  4233 | D:3      | Killed Natasha
  4234 | D:3      | Reached XP level 5. HP: 17/38 MP: 0/8
  4420 | D:3      | Noticed Natasha
  4429 | D:3      | Killed Natasha
  4859 | D:3      | Found a runed translucent door.
  4861 | D:3      | Noticed Fractals's ghost (amateur MDMo)
  5342 | D:4      | Reached ** piety under Makhleb
  5816 | D:4      | Reached XP level 6. HP: 38/45 MP: 4/9
  6975 | D:5      | Entered Level 5 of the Dungeon
  7096 | D:2      | Learned a level 4 spell: Sticky Flame
  7099 | D:2      | Learned a level 2 spell: Blink
  7193 | D:6      | Reached skill level 1 in Fire Magic
  7323 | D:6      | Noticed Edmund
  7691 | D:6      | Your scales start taking on a dull iron-grey colour.
  7691 | D:6      | Reached XP level 7. HP: 42/50 MP: 1/10
  7891 | D:6      | Killed Edmund
  8476 | D:5      | Reached skill level 5 in Fire Magic
  8476 | D:5      | Reached skill level 5 in Alchemy
  9805 | D:4      | Learned a level 1 spell: Sting
  9939 | D:5      | Reached XP level 8. HP: 57/57 MP: 7/11
  9983 | D:5      | Found a broken altar of Ashenzari.
  9983 | D:5      | Found a shimmering altar of Xom.
  9984 | D:5      | Found a stormy altar of Qazlal.
 10108 | D:5      | Identified the +0 ring mail "Nuyrac" {rC- Str+4 Dex+3}
 10450 | D:6      | Noticed Maggie
 10466 | D:6      | Killed Maggie
 11184 | D:6      | Reached skill level 1 in Invocations
 12054 | D:7      | Noticed Dowan
 12084 | D:7      | Killed Dowan
 12484 | D:7      | Found a staircase to the Ecumenical Temple.
 12501 | D:7      | Noticed Jeremiah
 12603 | D:7      | Killed Jeremiah
 12604 | D:7      | Reached skill level 5 in Invocations
 12604 | D:7      | Reached XP level 9. HP: 57/62 MP: 3/13
 12686 | D:7      | Noticed Duvessa
 12697 | D:7      | Killed Duvessa
 12698 | D:7      | Reached skill level 1 in Fighting
 12698 | D:7      | Noticed Menkaure
 12711 | D:7      | Killed Menkaure
 12784 | D:7      | Reached *** piety under Makhleb
 12895 | D:7      | Learned a level 4 spell: Olgreb's Toxic Radiance
 12954 | D:7      | Reached skill level 2 in Dodging
 13106 | D:6      | Reached skill level 3 in Dodging
 14033 | D:8      | Reached skill level 4 in Dodging
 14318 | D:8      | Noticed a two-headed ogre
 14334 | D:8      | Killed a two-headed ogre
 14335 | D:8      | Reached skill level 6 in Dodging
 14342 | D:8      | Reached XP level 10. HP: 66/80 MP: 2/14
 15260 | D:9      | Reached skill level 7 in Dodging
 15272 | D:9      | Found an iron altar of Okawaru.
 15680 | D:9      | Found a glowing silver altar of Zin.
 15684 | D:9      | Found a white marble altar of Elyvilon.
 15796 | D:9      | Found a runed translucent door.
 15796 | D:9      | Noticed a two-headed ogre
 15796 | D:9      | Noticed jboons's ghost (journeyman VSFi)
 15941 | D:9      | Found a sacrificial altar of Ru.
 16200 | D:9      | Found a sparkling altar of Nemelex Xobeh.
 16226 | D:9      | Noticed a two-headed ogre
 16247 | D:9      | Killed a two-headed ogre
 16248 | D:9      | Reached skill level 8 in Dodging
 16886 | D:9      | Found a staircase to the Lair.
 16938 | D:9      | Reached skill level 9 in Dodging
 17425 | D:10     | Entered Level 10 of the Dungeon
 17998 | D:10     | Noticed Snorg
 18013 | D:10     | Slain by Snorg

Illustrated notes

Levels and vault maps discovered:
D:1:      wander_arrival_lonely_grave, layout_basic,
          dilly_ecumenical_altar_fadedgnrine, skrybe_limestone_x,
          minmay_misc_feat_five, minmay_misc_feat_square, nicolae_the_louvre
D:2:      layout_basic, grunt_decor_mini_mirrors, nicolae_eternal_life,
          minivault_23, st_stairs_2
D:3:      layout_basic, ebering_ghost_reflecting_pool, uniq_natasha
D:4:      layout_rooms, minmay_misc_feat_hallway
D:5:      layout_rooms, gammafunk_temple_overflow_claw
D:6:      layout_loops_cross, minmay_nine_imps, uniq_maggie, uniq_edmund
D:7:      layout_loops_cross, minmay_temple_entry_wispy, enter_bailey_2,
          hellmonk_no_cap, uniq_menkaure, uniq_jeremiah, uniq_duvessa
D:8:      layout_cave_pools
D:9:      layout_rooms, nemelex_xobeh_ov_fountains_minmay,
          nicolae_overflow_macrodata_refinement, lair_entry_dummy,
          ebering_ghost_inner_flame
D:10:     layout_basic, minmay_fractal_squares_gapless_7, uniq_fannar,
          uniq_snorg

Skill      XL: |  1  2  3  4  5  6  7  8  9 10 |
---------------+-------------------------------+-----
Conjurations   | 2 3 |  3.9
Alchemy        | 4 5 6 |  6.9
Air Magic      | 2 2 |  2.5
Fire Magic     | 3 5 6 |  6.9
Invocations    | 5 |  5.7
Fighting       | 4 |  4.4
Dodging        | 6 9 |  9.6
Stealth        | |  1.7
Spellcasting   | |  2.0

Action                     |  1- 3 |  4- 6 |  7- 9 | 10-12 || total
---------------------------+-------+-------+-------+-------++-------
  Melee: Unarmed           |    19 |       |       |       ||    19
         Tailslap          |     6 |     3 |    39 |     9 ||    57
         Punch             |     1 |       |       |       ||     1
         Dagger            |    35 |    46 |       |       ||    81
         Trident           |       |       |   291 |    57 ||   348
         Staff             |       |       |     3 |       ||     3
  Throw: Dart              |       |       |     2 |     6 ||     8
   Cast: Sting             |    76 |    79 |    87 |       ||   242
         Mercury Vapours   |       |    12 |    34 |     3 ||    49
         Sticky Flame      |       |       |    27 |    20 ||    47
         Olgreb's Toxic Ra |       |       |     6 |    15 ||    21
 Invoke: Minor Destruction |       |       |    19 |       ||    19
         Lesser Servant of |       |       |       |     1 ||     1
Ability: Mud Breath        |       |       |     5 |     2 ||     7
  Evoke: Wand              |       |     3 |       |       ||     3
    Use: Scroll            |       |       |    16 |       ||    16
         Potion            |       |       |     6 |     6 ||    12
   Stab: Invisible         |       |       |     4 |     2 ||     6
 Armour: Skin              |    42 |    61 |   468 |    94 ||   665
  Dodge: Dodged            |    52 |    69 |   475 |    99 ||   695

Table legend: (Time is in decaauts)
 A = Elapsed time spent in this place.
 B = Non-inter-level travel time spent in this place.
 C = Inter-level travel time spent in this place.
 D = Time resting spent in this place.
 E = Time spent auto-exploring this place.
 F = Levels seen in this place.
 G = Mean time per level.
                   A        B        C        D        E       F      G
               +--------+--------+--------+--------+--------+-----+--------+
         Total |  18137 |  17699 |    438 |  10153 |   5071 |  10 | 1813.7 |
       Dungeon |  18137 |  17699 |    438 |  10153 |   5071 |  10 | 1813.7 |
               +--------+--------+--------+--------+--------+-----+--------+

Top non-repeatable levels by time:
     D:6: 3227 daAuts
     D:4: 2537 daAuts
     D:9: 2212 daAuts
     D:1: 2118 daAuts
     D:7: 1818 daAuts
     D:3: 1773 daAuts
     D:2: 1568 daAuts
     D:8: 1212 daAuts
     D:5: 1073 daAuts
    D:10: 594 daAuts
